 Dungeon Crawl Stone Soup version 0.30-a0-956-gcec3b41aec (webtiles) character file.

Game seed: 9939332071171815563

413 pokeman the Magician (level 6, -2/35 HPs)
             Began as a Deep Elf Hedge Wizard on Mar 30, 2023.
             Slain by Edmund
             ... wielding a +2 dire flail of protection
              (10 damage)
             ... on level 4 of the Dungeon.
             The game lasted 00:07:40 (3905 turns).

pokeman the Magician (Deep Elf Hedge Wizard)        Turns: 3905, Time: 00:07:41

Health: -2/35      AC:  3    Str: 11    XL:     6   Next: 59%
Magic:  14/18      EV: 13    Int: 24    God:
Gold:   148        SH:  0    Dex: 16    Spells: 11/19 levels left

rFire   . . .      SeeInvis .    v - +9 mace of Metur {flame, Str+4 Int+3 Dex+2}
rCold   . . .      Faith    .    (no shield)
rNeg    + . .      Spirit   .    b - +0 robe
rPois   .          Reflect  .    o - +0 helmet
rElec   .          Rampage  .    (no cloak)
rCorr   .                        (no gloves)
Will    .....                    (no boots)
Stlth   ++                       (no amulet)
HPRegen 0.25/turn                f - ring of positive energy
MPRegen 0.16/turn                (no ring)

@: no status effects
A: no striking features
a: no special abilities


You were on level 4 of the Dungeon.
You visited 1 branch of the dungeon, and saw 4 of its levels.

You collected 148 gold pieces.

Inventory:

Hand Weapons
 c - a +2 dagger of venom
 v - the +9 mace of Metur (weapon) {flame, Str+4 Int+3 Dex+2}
   (You found it on level 3 of the Dungeon)

   Str:       It affects your strength (+4).
   Int:       It affects your intelligence (+3).
   Dex:       It affects your dexterity (+2).
Armour
 b - a +0 robe (worn)
 o - a +0 helmet (worn)
Jewellery
 f - a ring of positive energy (left hand)
 r - a ring of ice
Scrolls
 e - a scroll of immolation {unknown}
 g - a scroll of enchant armour {unknown}
 m - a scroll of vulnerability {unknown}
 p - a scroll of teleportation {unknown}
 q - 2 scrolls of blinking {unknown}
 s - a scroll of fog {unknown}
 u - a scroll of fear {unknown}
 w - a scroll of noise {unknown}
Potions
 a - a potion of cancellation {unknown}
 d - 2 potions of magic
 h - a potion of heal wounds {unknown}
 i - a potion of resistance {unknown}
 j - a potion of brilliance {unknown}
 k - 2 potions of degeneration {unknown}
 l - a potion of haste {unknown}
 n - a potion of curing {unknown}
 t - a potion of invisibility {unknown}


   Skills:
 + Level 1.7 Fighting
 - Level 1.6 Armour
 - Level 3.0 Dodging
 - Level 3.0 Stealth
 * Level 7.2 Spellcasting
 + Level 3.2 Conjurations
 - Level 1.1 Summonings
 - Level 1.1 Translocations
 + Level 0.9 Air Magic
 - Level 1.0 Poison Magic


You had 11 spell levels left.
You knew the following spells:

 Your Spells              Type           Power      Damage    Failure   Level
a - Magic Dart            Conj           96%        1d7       1%          1
b - Mephitic Cloud        Conj/Pois/Air  16%        N/A       11%         3
c - Call Imp              Summ           13%        N/A       7%          2
d - Blink                 Tloc           26%        N/A       7%          2

Your spell library contained the following spells:

 Spells                   Type           Power      Damage    Failure   Level
 Slow                     Hex            32%        N/A       7%          1
 Cigotuvi's Dreadful Rot  Necr/Pois/Air  22%        N/A       9%          2
 Manifold Assault         Tloc           13%        N/A       41%         4
 Dispersal                Tloc           6%         N/A       100%        6
 Disjunction              Tloc           6%         N/A       100%        8


Dungeon Overview and Level Annotations

Branches:
Dungeon (4/15)
 Temple: D:4-7

Altars:
Okawaru

Annotations:
D:4 Edmund


Message History

You barely miss Edmund.
Edmund is moderately wounded.
Edmund completely misses you.
Edmund hits himself with a +2 dire flail of protection!
Your crimson imp hits Edmund but does no damage.
You hit Edmund but do no damage.
Edmund is heavily wounded.
Your crimson imp blinks!
Edmund shouts, "What's happening?!"
Edmund closely misses your crimson imp.
You hit Edmund but do no damage.
Edmund is heavily wounded.
Your crimson imp disappears in a puff of smoke!
Edmund hits himself but does no damage.
You hit Edmund but do no damage.
Edmund is heavily wounded.
Edmund barely misses you.
You hit Edmund. You burn Edmund.
Edmund is heavily wounded.
Edmund screams, "I'll kill you anyway!"
Casting: Call Imp (safe; 7% risk of failure)
Confirm with . or Enter, or press ? or * to list all spells.
A beastly little devil appears in a puff of flame.
Edmund hits himself with a +2 dire flail of protection!
You hit Edmund. You burn Edmund.
Edmund is almost dead.
Edmund hits you with a +2 dire flail of protection!
Your crimson imp barely misses Edmund.
Unknown command.
You hit Edmund. You burn Edmund.
Edmund is almost dead.
Edmund hits you with a +2 dire flail of protection!
* * * LOW HITPOINT WARNING * * *
Your crimson imp barely misses Edmund.
Edmund closely misses you.
Unknown command.
You hit Edmund but do no damage.
Edmund is almost dead.
Your crimson imp hits Edmund but does no damage.
Edmund hits you with a +2 dire flail of protection!
You die...

#.# #.# #.# #.#
#.# #.# #.#
#.######### #.#
#######.......##.
#>#
#...@....####....
#.# #.######.#
####.
#.#########5#
#.########
#.........@@#
#.........
#############
##########


You could see Edmund (confused, ally target) and a friendly crimson imp
(summoned).

Vanquished Creatures
  Sigmund (D:2)
  A phantom (D:3)
  An iguana (D:4)
  Robin (D:3)
  4 adders
  3 gnolls (D:2)
  A worm (D:2)
  2 dart slugs (D:1)
  An orc (D:3)
  7 ball pythons
  7 endoplasms
  3 giant cockroaches
  2 hobgoblins (D:3)
  3 jackals (D:3)
  4 kobolds
  4 quokkas
  4 bats
  6 frilled lizards
  12 goblins
  5 rats
72 creatures vanquished.

Vanquished Creatures (collateral kills)
  5 goblins (D:3)
  2 hobgoblins (D:3)
7 creatures vanquished.

Grand Total: 79 creatures vanquished

Notes
Turn   | Place    | Note
-------+----------+-------------------------------------------
     0 | D:1      | pokeman the Deep Elf Hedge Wizard began the quest for the
                  | Orb.
     0 | D:1      | Reached XP level 1. HP: 10/10 MP: 7/7
   265 | D:1      | Reached XP level 2. HP: 15/15 MP: 1/9
  1145 | D:2      | Reached skill level 5 in Spellcasting
  1145 | D:2      | Reached XP level 3. HP: 20/20 MP: 5/11
  1149 | D:2      | Learned a level 3 spell: Mephitic Cloud
  1152 | D:2      | Learned a level 2 spell: Call Imp
  1155 | D:2      | Learned a level 2 spell: Blink
  1584 | D:2      | Noticed Sigmund
  1612 | D:2      | Killed Sigmund
  1613 | D:2      | Reached skill level 1 in Fighting
  1613 | D:2      | Reached skill level 1 in Armour
  1613 | D:2      | Reached skill level 6 in Spellcasting
  1613 | D:2      | Reached XP level 4. HP: 26/26 MP: 2/14
  1613 | D:2      | Reached XP level 5. HP: 30/30 MP: 2/15
  2303 | D:3      | Found a faded altar of an unknown god.
  2512 | D:3      | Reached XP level 6. HP: 33/35 MP: 8/17
  2653 | D:3      | Noticed Robin
  2681 | D:3      | Killed Robin
  3105 | D:3      | Found an iron altar of Okawaru.
  3325 | D:3      | Reached skill level 7 in Spellcasting
  3440 | D:3      | Reached skill level 1 in Poison Magic
  3498 | D:3      | Identified the +9 mace of Metur {flame, Str+4 Int+3 Dex+2}
  3841 | D:4      | Noticed Edmund
  3905 | D:4      | Slain by Edmund

Illustrated notes

Levels and vault maps discovered:
D:1:      minmay_arrival_five_plusses, layout_loops_ring, st_stairs_11
D:2:      layout_loops_ring, uniq_sigmund
D:3:      kennysheep_goblin_castle, layout_loops_corners,
          okawaru_ov_weapons_minmay, nicolae_ecumenical_snake_handling,
          minmay_splitting_lines
D:4:      layout_loops_ring, jmf_multi_god_temple2, gammafunk_ghost_arena,
          minmay_misc_feat_chi, grunt_ministairs_7, minmay_hedge_maze,
          uniq_edmund, uniq_crazy_yiuf_cottage, uniq_eustachio

Skill      XL: |  1  2  3  4  5  6 |
---------------+-------------------+-----
Spellcasting   | 5 6 7 |  7.2
Fighting       | 1 |  1.7
Armour         | 1 |  1.6
Conjurations   | 2 3 |  3.2
Stealth        | 3 |  3.0
Dodging        | 3 |  3.0
Poison Magic   | 1 |  1.0
Summonings     | |  1.1
Translocations | |  1.1
Air Magic      | |  0.9

Action                     |  1- 3 |  4- 6 || total
---------------------------+-------+-------++-------
  Melee: Dagger            |    28 |    11 ||    39
         Punch             |     1 |       ||     1
         Mace              |       |    11 ||    11
   Cast: Magic Dart        |    85 |    93 ||   178
         Mephitic Cloud    |     3 |     4 ||     7
         Call Imp          |     1 |     4 ||     5
   Stab: Confused          |     2 |     1 ||     3
 Armour: Robe              |     8 |     5 ||    13
  Dodge: Dodged            |    24 |    28 ||    52

Table legend: (Time is in decaauts)
 A = Elapsed time spent in this place.
 B = Non-inter-level travel time spent in this place.
 C = Inter-level travel time spent in this place.
 D = Time resting spent in this place.
 E = Time spent auto-exploring this place.
 F = Levels seen in this place.
 G = Mean time per level.
                   A        B        C        D        E       F      G
               +--------+--------+--------+--------+--------+-----+--------+
         Total |   3906 |   3863 |     43 |      0 |   3377 |   4 |  976.5 |
       Dungeon |   3906 |   3863 |     43 |      0 |   3377 |   4 |  976.5 |
               +--------+--------+--------+--------+--------+-----+--------+

Top non-repeatable levels by time:
     D:3: 1466 daAuts
     D:2: 1156 daAuts
     D:1: 1135 daAuts
     D:4: 147 daAuts
